 Dungeon Sprint DCSS version 0.32-a0-450-g080537f31e (webtiles) character file.

Game seed: 7769364885331187201

7700000 adelrune the Formicid Barricade (level 27, -26/249 HPs)
             Began as a Formicid Fighter on Feb 23, 2024.
             Was the Champion of Makhleb.
             Annihilated by a meat berserker
             ... wielding a +9 battleaxe
              (53 damage)
             ... in the Dungeon (Sprint VIII: "Arena of Blood").
             The game lasted 00:02:56 (77 turns).

adelrune the Formicid Barricade (Formicid Fighter)    Turns: 77, Time: 00:02:56

Health: -26/249    AC: 13    Str: 28    XL:     27
Magic:  29/54      EV: 28    Int:  9    God:    Makhleb [******]
Gold:   0          SH: 12    Dex: 19    Spells: 80/80 levels left

rFire   . . .        h - +∞ Axe of Woe
rCold   . . .        c - +0 buckler
rNeg    . . .        b - +0 scale mail
rPois   .            (helmet unavailable)
rElec   .            (no cloak)
rCorr   .            (no gloves)
SInv    +            (no boots)
Will    ++...        (no amulet)
Stlth   ++++++++     (no ring)
HPRegen 0.61/turn    (no ring)
MPRegen 0.34/turn

%: no passive effects
@: no status effects
A: permanent stasis, dig shafts and tunnels, antennae 3, four strong arms
a: Dig, Renounce Religion, Minor Destruction, Lesser Servant of Makhleb, Major
Destruction, Greater Servant of Makhleb


You were in the Dungeon.
You worshipped Makhleb.
Makhleb was exalted by your worship.
You visited 1 branch

Inventory:

Hand Weapons
 a - a +0 war axe
 h - the +∞ Axe of Woe (weapon)
   (You found it in the Dungeon)
Armour
 b - a +0 scale mail (worn)
 c - a +0 buckler (worn)
Potions
 d - a potion of might
 e - a potion of curing
 f - a potion of heal wounds
 g - 2 potions of magic


   Skills:
 O Level 27 Fighting
 O Level 27 Short Blades
 O Level 27 Long Blades
 O Level 27 Axes
 O Level 27 Maces & Flails
 O Level 27 Polearms
 O Level 27 Staves
 O Level 27 Ranged Weapons
 O Level 27 Throwing
 O Level 27 Armour
 O Level 27 Dodging
 O Level 27 Stealth
 O Level 27 Shields
 O Level 27 Unarmed Combat
 O Level 27 Spellcasting
 O Level 27 Conjurations
 O Level 27 Hexes
 O Level 27 Summonings
 O Level 27 Necromancy
 O Level 27 Translocations
 O Level 27 Fire Magic
 O Level 27 Ice Magic
 O Level 27 Air Magic
 O Level 27 Earth Magic
 O Level 27 Alchemy
 O Level 27 Invocations
 O Level 27 Evocations
 O Level 27 Shapeshifting


You had 80 spell levels left.
You didn't know any spells.
Your spell library was empty.

Dungeon Overview and Level Annotations

Branches:
Dungeon (1/1)

Altars:
Makhleb


Innate Abilities, Weirdness & Mutations

You cannot be hasted, slowed, berserked, paralysed or teleported.
You can dig through walls and to a lower floor.
You have a pair of large antennae on your head. (SInv)
Your four strong arms can wield two-handed weapons with a shield.


Message History

The large bag of meat explodes!
The fiery explosion engulfs the meat beast!! x2
The fiery explosion engulfs the meat berserker!!!
A meat berserker comes into view. It is wielding a +9 battleaxe.
The bag of meat is engulfed in blazing flames.
A bag of meat comes into view. It is wielding a +9 war axe.
The dread is engulfed in blazing flames.
The eight-headed meat hydra calls on the powers of darkness!
The eight-headed meat hydra convulses!
The bag of meat convulses! x2
The meat berserker convulses!
The bag of meat convulses!
The meat berserker convulses!
Your body is wracked with pain!
* * * LOW HITPOINT WARNING * * *
The bag of meat convulses! x2
You hear a shout!
A meat beast comes into view.
A bag of meat comes into view. It is wielding a +9 war axe.
The meat beast is engulfed in blazing flames. x2
The meat beast bites you.
* * * LOW HITPOINT WARNING * * *
The meat beast tramples you!
* * * LOW HITPOINT WARNING * * *
You hold your ground!
The meat beast is engulfed in blazing flames. x3
The dread calls on the powers of darkness!
The bag of meat convulses! x3; The meat berserker convulses!
The large bag of meat convulses!
Flame seeps out of the large bag of meat.
The large bag of meat convulses!
Flame seeps out of the large bag of meat.
The meat berserker convulses!
The bag of meat convulses! x5
The large bag of meat convulses!
Flame seeps out of the large bag of meat.
Your body is wracked with pain!
* * * LOW HITPOINT WARNING * * *
The meat berserker convulses!
The large bag of meat is engulfed in blazing flames.
The bag of meat is engulfed in blazing flames.
The meat berserker is engulfed in blazing flames.
The meat berserker hits you with a +9 battleaxe!!!
You die... ....##.##...... ............... .o....#.#...... ...o..........# ....X......o... ....L........D. ....XoLX..oo... .XXo°XO@O2O.OO.

.#...oo2○#o.o.. ,
#...OWoW# ,... .
.###...§☼°)###...
.......o###OOO{....
#...oVW.)o22).°....
....o.#.{{§°#..°...
......#_.<)_#......
......#{))))#......


You could see 2 tentacled monstrosities, 4 meat beasts, 2 tyrants, an
eight-headed meat hydra, a destroyer, 3 large bags of meat, 4 large
abominations, 3 dreads, 6 meat berserkers and 15 bags of meat.

Vanquished Creatures
  3 hell beasts (D)
  2 royal mummies (D)
  A wraith (D)
  13 vampire knights (D)
  38 ogres (D)
  6 two-headed ogres (D)
  3 liches (D)
  A hydra (D)
  73 orcs (D)
  10 skeletal warriors (D)
150 creatures vanquished.

Vanquished Creatures (others)
  A two-headed ogre (D)
  3 orcs (D)
4 creatures vanquished.

Grand Total: 154 creatures vanquished

Notes
Turn   | Place    | Note
-------+----------+-------------------------------------------
     0 | D        | Found the +∞ Axe of Woe
     0 | D        | adelrune the Formicid Fighter began the quest for the Orb.
     0 | D        | Reached XP level 1. HP: 18/18 MP: 1/1
     2 | D        | Noticed a bag of meat
     2 | D        | Noticed a bag of meat
     4 | D        | Became a worshipper of Makhleb the Destroyer
     4 | D        | Noticed a bag of meat
     5 | D        | Noticed a bag of meat
     6 | D        | Noticed a meat berserker
     7 | D        | Killed a bag of meat
     7 | D        | Noticed a bag of meat
     7 | D        | Noticed a meat berserker
     7 | D        | Noticed a bag of meat
     8 | D        | Reached skill level 15 in Fighting
     8 | D        | Reached XP level 2. HP: 45/45 MP: 2/2
     8 | D        | Reached XP level 3. HP: 51/51 MP: 3/3
     8 | D        | Reached XP level 4. HP: 58/58 MP: 4/4
     8 | D        | Reached XP level 5. HP: 64/64 MP: 5/5
     8 | D        | Reached XP level 6. HP: 71/71 MP: 6/6
     8 | D        | Reached XP level 7. HP: 77/77 MP: 7/7
     8 | D        | Reached XP level 8. HP: 85/85 MP: 8/8
     8 | D        | Reached XP level 9. HP: 91/91 MP: 9/9
     8 | D        | Reached XP level 10. HP: 98/98 MP: 10/10
     8 | D        | Reached XP level 11. HP: 104/104 MP: 11/11
     8 | D        | Killed a bag of meat
     8 | D        | Reached * piety under Makhleb
     8 | D        | Noticed a meat berserker
     8 | D        | Noticed a bag of meat
     9 | D        | Reached skill level 10 in Axes
     9 | D        | Reached XP level 12. HP: 76/116 MP: 12/12
     9 | D        | Killed a meat berserker
     9 | D        | Killed a bag of meat
     9 | D        | Killed a bag of meat
     9 | D        | Reached ** piety under Makhleb
     9 | D        | Noticed a bag of meat
    10 | D        | Reached XP level 13. HP: 88/133 MP: 13/13
    10 | D        | Reached XP level 14. HP: 93/141 MP: 14/14
    10 | D        | Killed a bag of meat
    10 | D        | Noticed a bag of meat
    10 | D        | Noticed a bag of meat
    10 | D        | Noticed a bag of meat
    11 | D        | Reached skill level 15 in Axes
    11 | D        | Killed a meat berserker
    11 | D        | Noticed a bag of meat
    11 | D        | Noticed a bag of meat
    11 | D        | Noticed a bag of meat
    12 | D        | Reached skill level 27 in Shields
    12 | D        | Reached XP level 15. HP: 136/153 MP: 15/15
    12 | D        | Killed a meat berserker
    12 | D        | Reached *** piety under Makhleb
    13 | D        | Reached skill level 10 in Dodging
    13 | D        | Noticed a meat berserker
    13 | D        | Noticed a meat berserker
    14 | D        | Reached XP level 16. HP: 164/164 MP: 16/16
    14 | D        | Noticed a meat berserker
    16 | D        | Reached **** piety under Makhleb
    16 | D        | Noticed a meat berserker
    17 | D        | Reached skill level 27 in Fighting
    17 | D        | Reached skill level 27 in Armour
    17 | D        | Killed a meat berserker
    18 | D        | Reached XP level 17. HP: 174/174 MP: 17/17
    18 | D        | Noticed a meat berserker
    19 | D        | Noticed a destroyer
    20 | D        | Killed a meat berserker
    20 | D        | Reached ***** piety under Makhleb
    21 | D        | Reached skill level 27 in Axes
    21 | D        | Reached XP level 18. HP: 182/182 MP: 18/18
    21 | D        | Killed a meat berserker
    21 | D        | Noticed a meat berserker
    22 | D        | Reached skill level 1 in Short Blades
    22 | D        | Reached skill level 1 in Long Blades
    22 | D        | Reached skill level 1 in Maces & Flails
    22 | D        | Reached skill level 1 in Polearms
    22 | D        | Reached skill level 1 in Staves
    22 | D        | Reached skill level 1 in Ranged Weapons
    22 | D        | Reached skill level 1 in Throwing
    22 | D        | Reached skill level 1 in Unarmed Combat
    22 | D        | Reached skill level 1 in Spellcasting
    22 | D        | Reached skill level 1 in Conjurations
    22 | D        | Reached skill level 1 in Summonings
    22 | D        | Reached skill level 1 in Necromancy
    22 | D        | Reached skill level 1 in Translocations
    22 | D        | Reached skill level 1 in Fire Magic
    22 | D        | Reached skill level 1 in Ice Magic
    22 | D        | Reached skill level 1 in Air Magic
    22 | D        | Reached skill level 1 in Shapeshifting
    22 | D        | Killed a meat berserker
    22 | D        | Noticed a meat berserker
    23 | D        | Reached skill level 27 in Dodging
    23 | D        | Killed a meat berserker
    23 | D        | Noticed a meat berserker
    24 | D        | Reached skill level 5 in Stealth
    24 | D        | Reached skill level 5 in Hexes
    24 | D        | Reached skill level 5 in Earth Magic
    24 | D        | Reached skill level 5 in Invocations
    24 | D        | Reached XP level 19. HP: 189/189 MP: 18/25
    24 | D        | Noticed a large bag of meat
    25 | D        | Reached skill level 5 in Short Blades
    25 | D        | Reached skill level 5 in Long Blades
    25 | D        | Reached skill level 5 in Maces & Flails
    25 | D        | Reached skill level 5 in Polearms
    25 | D        | Reached skill level 5 in Staves
    25 | D        | Reached skill level 5 in Ranged Weapons
    25 | D        | Reached skill level 5 in Throwing
    25 | D        | Reached skill level 5 in Unarmed Combat
    25 | D        | Reached skill level 5 in Spellcasting
    25 | D        | Reached skill level 5 in Conjurations
    25 | D        | Reached skill level 5 in Summonings
    25 | D        | Reached skill level 5 in Necromancy
    25 | D        | Reached skill level 5 in Fire Magic
    25 | D        | Reached skill level 5 in Ice Magic
    25 | D        | Reached skill level 5 in Shapeshifting
    25 | D        | Noticed a meat berserker
    25 | D        | Noticed a meat berserker
    26 | D        | Reached ****** piety under Makhleb
    27 | D        | Reached skill level 5 in Translocations
    27 | D        | Reached skill level 5 in Air Magic
    27 | D        | Noticed a meat berserker
    27 | D        | Killed a meat berserker
    27 | D        | Noticed an eight-headed meat hydra
    28 | D        | Reached XP level 20. HP: 197/197 MP: 18/29
    28 | D        | Killed a meat berserker
    29 | D        | Reached skill level 27 in Stealth
    30 | D        | Reached skill level 10 in Earth Magic
    30 | D        | Reached skill level 10 in Alchemy
    30 | D        | Reached skill level 10 in Invocations
    30 | D        | Noticed a meat berserker
    30 | D        | Noticed a destroyer
    30 | D        | Noticed a meat berserker
    31 | D        | Killed a meat berserker
    31 | D        | Killed a meat berserker
    31 | D        | Noticed a meat berserker
    32 | D        | Reached skill level 10 in Hexes
    32 | D        | Reached skill level 10 in Evocations
    32 | D        | Reached XP level 21. HP: 84/204 MP: 19/33
    32 | D        | Noticed a meat berserker
    33 | D        | Killed a destroyer
    33 | D        | Noticed a meat berserker
    33 | D        | Noticed a destroyer
    34 | D        | Noticed a destroyer
    34 | D        | Noticed a meat berserker
    35 | D        | Killed a meat berserker
    35 | D        | Killed a large bag of meat
    35 | D        | Killed a meat berserker
    36 | D        | Reached skill level 27 in Invocations
    37 | D        | Killed a destroyer
    37 | D        | Killed a meat berserker
    38 | D        | Reached skill level 10 in Short Blades
    38 | D        | Reached skill level 10 in Long Blades
    38 | D        | Reached skill level 10 in Maces & Flails
    38 | D        | Reached skill level 10 in Polearms
    38 | D        | Reached skill level 10 in Staves
    38 | D        | Reached skill level 10 in Ranged Weapons
    38 | D        | Reached skill level 10 in Throwing
    38 | D        | Reached skill level 10 in Unarmed Combat
    38 | D        | Reached skill level 10 in Spellcasting
    38 | D        | Reached skill level 10 in Necromancy
    38 | D        | Reached skill level 10 in Translocations
    38 | D        | Reached skill level 10 in Fire Magic
    38 | D        | Reached XP level 22. HP: 95/212 MP: 20/39
    38 | D        | Killed a meat berserker
    39 | D        | Reached skill level 10 in Conjurations
    39 | D        | Killed a destroyer
    39 | D        | Killed a meat berserker
    40 | D        | Reached skill level 10 in Air Magic
    40 | D        | Reached skill level 15 in Earth Magic
    40 | D        | Reached XP level 23. HP: 150/219 MP: 21/40
    41 | D        | Reached skill level 15 in Hexes
    41 | D        | Noticed a destroyer
    41 | D        | Noticed a destroyer
    42 | D        | Noticed a destroyer
    43 | D        | Killed a destroyer
    45 | D        | Reached skill level 15 in Evocations
    45 | D        | Killed a destroyer
    45 | D        | Killed a destroyer
    46 | D        | Reached XP level 24. HP: 227/227 MP: 22/41
    47 | D        | Reached skill level 15 in Short Blades
    47 | D        | Reached skill level 15 in Summonings
    47 | D        | Reached skill level 15 in Necromancy
    47 | D        | Reached skill level 15 in Fire Magic
    47 | D        | Reached skill level 15 in Ice Magic
    47 | D        | Reached skill level 15 in Shapeshifting
    48 | D        | Reached skill level 15 in Throwing
    48 | D        | Reached skill level 15 in Unarmed Combat
    48 | D        | Reached skill level 15 in Spellcasting
    48 | D        | Noticed a tyrant
    49 | D        | Noticed a large bag of meat
    49 | D        | Noticed a large bag of meat
    49 | D        | Noticed a destroyer
    49 | D        | Noticed a tyrant
    50 | D        | Noticed an accursed
    50 | D        | Killed a destroyer
    50 | D        | Noticed a destroyer
    51 | D        | Reached skill level 15 in Maces & Flails
    51 | D        | Reached skill level 15 in Translocations
    51 | D        | Noticed a tyrant
    52 | D        | Reached skill level 15 in Long Blades
    52 | D        | Reached skill level 15 in Polearms
    52 | D        | Reached skill level 15 in Staves
    52 | D        | Reached skill level 15 in Ranged Weapons
    52 | D        | Reached skill level 15 in Conjurations
    52 | D        | Reached XP level 25. HP: 221/234 MP: 23/43
    52 | D        | Noticed an accursed
    53 | D        | Killed a large bag of meat
    53 | D        | Noticed a large bag of meat
    53 | D        | Noticed a large bag of meat
    54 | D        | Killed a tyrant
    54 | D        | Killed a destroyer
    55 | D        | Reached skill level 15 in Air Magic
    56 | D        | Reached XP level 26. HP: 242/242 MP: 24/45
    56 | D        | Noticed a destroyer
    57 | D        | Killed a destroyer
    57 | D        | Killed a large bag of meat
    57 | D        | Killed a tyrant
    57 | D        | Noticed a large bag of meat
    57 | D        | Noticed a destroyer
    58 | D        | Noticed a destroyer
    59 | D        | Reached XP level 27. HP: 236/249 MP: 25/46
    59 | D        | Noticed a dread
    60 | D        | Killed a destroyer
    60 | D        | Noticed a dread
    62 | D        | Reached skill level 27 in Alchemy
    62 | D        | Killed a tyrant
    62 | D        | Noticed a destroyer
    62 | D        | Noticed a meat beast
    63 | D        | Killed a large bag of meat
    63 | D        | Noticed a large bag of meat
    64 | D        | Killed a destroyer
    64 | D        | Noticed a meat beast
    64 | D        | Noticed a tyrant
    64 | D        | Noticed a large bag of meat
    67 | D        | Reached skill level 27 in Hexes
    67 | D        | Reached skill level 27 in Earth Magic
    67 | D        | Killed a destroyer
    67 | D        | Killed an accursed
    67 | D        | Noticed a large bag of meat
    67 | D        | Noticed a large bag of meat
    68 | D        | Killed a meat beast
    68 | D        | Noticed a large bag of meat
    69 | D        | Reached skill level 27 in Evocations
    69 | D        | Killed an accursed
    70 | D        | Noticed a meat beast
    70 | D        | Killed a destroyer
    70 | D        | Noticed a meat beast
    71 | D        | Noticed a dread
    71 | D        | Killed a large bag of meat
    71 | D        | Killed a dread
    71 | D        | Noticed a meat beast
    72 | D        | Noticed a tyrant
    72 | D        | Noticed a meat beast
    73 | D        | Killed a meat beast
    73 | D        | Killed a meat beast
    73 | D        | Noticed a dread
    74 | D        | Reached skill level 27 in Short Blades
    74 | D        | Reached skill level 27 in Long Blades
    74 | D        | Reached skill level 27 in Maces & Flails
    74 | D        | Reached skill level 27 in Polearms
    74 | D        | Reached skill level 27 in Staves
    74 | D        | Reached skill level 27 in Ranged Weapons
    74 | D        | Reached skill level 27 in Throwing
    74 | D        | Reached skill level 27 in Unarmed Combat
    74 | D        | Reached skill level 27 in Spellcasting
    74 | D        | Reached skill level 27 in Conjurations
    74 | D        | Reached skill level 27 in Summonings
    74 | D        | Reached skill level 27 in Necromancy
    74 | D        | Reached skill level 27 in Translocations
    74 | D        | Reached skill level 27 in Fire Magic
    74 | D        | Reached skill level 27 in Ice Magic
    74 | D        | Reached skill level 27 in Air Magic
    74 | D        | Reached skill level 27 in Shapeshifting
    74 | D        | Killed a large bag of meat
    75 | D        | Noticed a meat beast
    75 | D        | Noticed a destroyer
    76 | D        | Killed a large bag of meat
    77 | D        | Noticed a meat beast
    77 | D        | Annihilated by a meat berserker

Illustrated notes

Levels and vault maps discovered:
D:        meatsprint

Skill      XL: |  1  2  3  4  5  6  7  8  9 10 11 12 13 14 15 16 17 18 19 20 21 22 23 24 25 26 27 |
---------------+----------------------------------------------------------------------------------+-----
Fighting       | 15 18 22 24 26 27 | 27.0
Axes           | 8 10 14 16 18 25 27 | 27.0
Armour         | 16 18 22 24 25 27 | 27.0
Shields        | 18 20 25 27 | 27.0
Dodging        | 8 11 19 24 27 | 27.0
Short Blades   | 4 6 9 10 12 14 16 18 20 27 | 27.0
Long Blades    | 4 6 8 10 11 13 15 16 18 27 | 27.0
Maces & Flails | 4 6 8 10 11 13 15 16 18 27 | 27.0
Polearms       | 4 6 8 10 11 13 15 16 18 27 | 27.0
Staves         | 4 6 8 10 11 13 15 16 18 27 | 27.0
Ranged Weapons | 4 6 8 10 11 13 15 16 18 27 | 27.0
Throwing       | 4 6 8 10 12 14 16 18 19 27 | 27.0
Stealth        | 5 26 27 | 27.0
Unarmed Combat | 4 6 8 10 12 14 16 18 19 27 | 27.0
Spellcasting   | 4 6 8 10 12 14 16 18 19 27 | 27.0
Conjurations   | 4 5 8 9 11 13 15 16 18 27 | 27.0
Hexes          | 5 8 10 12 14 17 19 21 23 27 | 27.0
Summonings     | 4 6 9 11 12 14 16 18 20 27 | 27.0
Necromancy     | 4 6 9 10 12 14 16 18 20 27 | 27.0
Translocations | 4 5 8 10 11 13 15 17 18 27 | 27.0
Fire Magic     | 4 6 9 10 12 14 16 18 20 27 | 27.0
Ice Magic      | 4 6 9 11 12 14 16 18 20 27 | 27.0
Air Magic      | 3 5 8 9 10 12 14 15 17 27 | 27.0
Earth Magic    | 5 8 11 13 15 17 19 21 23 27 | 27.0
Alchemy        | 6 8 12 14 16 19 21 23 25 27 | 27.0
Invocations    | 5 8 11 27 | 27.0
Evocations     | 4 7 10 12 13 16 18 20 21 27 | 27.0
Shapeshifting  | 4 6 9 11 12 14 16 18 20 27 | 27.0

Action                     |  1- 3 |  4- 6 |  7- 9 | 10-12 | 13-15 | 16-18 | 19-21 | 22-24 | 25-27 || total
---------------------------+-------+-------+-------+-------+-------+-------+-------+-------+-------++-------
  Melee: Executioner's axe |     1 |       |       |     2 |     4 |     7 |     9 |    12 |    22 ||    57
 Invoke: Greater Servant o |       |       |       |       |       |       |     2 |       |       ||     2
   Stab: Distracted        |       |       |       |       |       |       |       |       |     1 ||     1
 Armour: Scale mail        |       |       |       |     1 |       |     1 |     6 |    11 |    34 ||    53
  Dodge: Dodged            |       |       |       |       |       |     1 |       |       |     4 ||     5
  Block: Buckler           |       |       |       |       |       |       |     1 |       |       ||     1

Table legend: (Time is in decaauts)
 A = Elapsed time spent in this place.
 B = Non-inter-level travel time spent in this place.
 C = Inter-level travel time spent in this place.
 D = Time resting spent in this place.
 E = Time spent auto-exploring this place.
 F = Levels seen in this place.
 G = Mean time per level.
                   A        B        C        D        E       F      G
               +--------+--------+--------+--------+--------+-----+--------+
         Total |     64 |     64 |      0 |      0 |      0 |   1 |   64.0 |
       Dungeon |     64 |     64 |      0 |      0 |      0 |   1 |   64.0 |
               +--------+--------+--------+--------+--------+-----+--------+

Top non-repeatable levels by time:
       D: 64 daAuts
